 Dungeon Crawl Stone Soup version 0.16.0-16-g311141a (console) character file.

1632916 odiv the Axe Maniac (level 27, 244/244 HPs)
             Began as a Hill Orc Monk on Mar 16, 2015.
             Was the Champion of Beogh.
             Escaped with the Orb
             ... and 3 runes on Mar 19, 2015!
             The game lasted 07:04:09 (74367 turns).

odiv the Axe Maniac (Hill Orc Monk)                Turns: 74367, Time: 07:04:09

Health: 244/244    AC: 45    Str: 21    XL:     27
Magic:  51/51      EV:  6    Int:  6    God:    Beogh [******]
Gold:   6077       SH:  0    Dex: 16    Spells: 2 memorised, 22 levels left

rFire  + + +     SeeInvis +     a - +1 exec axe {holy, Stlth+}
rCold  + + .     Clarity  .     C - +7 gold dragon armour
rNeg   + . .     SustAb   .     (no shield)
rPois  +         Gourm    .     o - +2 helmet
rElec  +         Spirit   +     D - +1 cloak of Chill Winds {rN+ MP+9 Str-5 SInv}
rCorr  +         Warding  .     I - +2 pair of gloves {Str+3}
rMut   .         Stasis   .     W - +1 pair of boots of the Midnight Sun {-Cast rCorr Dex+3 SInv}
MR     +++..     NoCast   +     V - amulet of guardian spirit
Stlth  ..........               F - ring "Root" {rElec rPois rC+ MR+ Str-4 Slay+3}
                                L - ring of protection from fire

@: extremely resistant to hostile enchantments, extremely unstealthy
A: walk on water, dopey 2, fire resistance 1, wild magic 1, MP-powered wands 2
a: Smiting, Recall Orcish Followers, Give Item to Named Follower, Renounce
Religion
0: Orb of Zot
}: 3/15 runes: decaying, silver, gossamer


You escaped.
You worshipped Beogh.
Beogh was exalted by your worship.
You were not hungry.

You visited 10 branches of the dungeon, and saw 56 of its levels.
You also visited: Labyrinth, Trove, Ice Cave and Wizlab.

You collected 8687 gold pieces.
You spent 2610 gold pieces at shops.

Inventory:

Hand weapons
 a - the +1 executioner's axe "Acoorunnumo" (weapon) {holy, Stlth+}
   (You acquired it on level 5 of the Lair of Beasts)

   It has been blessed by the Shining One to cause great damage to the undead
   and demons.
   It makes you more stealthy.
 b - a +7 longbow of evasion
 Y - a +0 blowgun
Missiles
 g - 47 arrows of dispersal
 z - 1397 arrows
 U - 9 curare-tipped needles
Armour
 o - a +2 helmet (worn)
 C - a +7 gold dragon armour (worn)
 D - the +1 cloak of Chill Winds (worn) {rN+ MP+9 Str-5 SInv}
   (You found it in a treasure trove)

   It affects your strength (-5).
   It protects you from negative energy.
   It affects your magic capacity (+9).
   It enhances your eyesight.
 I - a +2 pair of gloves of strength (worn)
 W - the +1 pair of boots of the Midnight Sun (worn) {-Cast rCorr Dex+3 SInv}
   (You bought it in a shop on level 4 of the Orcish Mines)

   It affects your dexterity (+3).
   It enhances your eyesight.
   It prevents spellcasting.
   It protects you from acid and corrosion.
Rods
 s - a +5 lightning rod (10/10)
   (You took it off a vault warden on level 5 of the Vaults)
 K - a +7 rod of ignition (11/11)
   (You took it off a minotaur in a labyrinth)
 P - a +6 rod of shadows (13/13)
   (You found it in a labyrinth)
 S - a +4 rod of shadows (11/11)
   (You took it off a deep elf annihilator on level 3 of the Elven Halls)
Jewellery
 i - an uncursed amulet of warding
 n - an uncursed ring of protection from magic
 A - the ring "Qesuikip" {rPois rN+ AC+5 Dex-4 SInv}
   (You took it off an ironbrand convoker on level 5 of the Vaults)

   [ring of protection]

   It affects your AC (+5).
   It affects your dexterity (-4).
   It protects you from poison.
   It protects you from negative energy.
   It enhances your eyesight.
 E - an uncursed ring of flight
 F - the ring "Root" (right hand) {rElec rPois rC+ MR+ Str-4 Slay+3}
   (You found it on level 5 of the Vaults)

   [ring of protection from magic]

   It affects your strength (-4).
   It affects your accuracy and damage with ranged weapons and melee attacks
   (+3).
   It protects you from cold.
   It insulates you from electricity.
   It protects you from poison.
   It affects your resistance to hostile enchantments.
 L - a ring of protection from fire (left hand)
 V - an amulet of guardian spirit (around neck)
Magical devices
 h - a wand of digging (3)
 v - a wand of teleportation (2)
 B - a wand of invisibility (4)
 J - a wand of digging (11)
 M - a wand of disintegration (2)
 Q - a wand of lightning (1)
 X - a wand of teleportation (4)
Scrolls
 e - 2 scrolls of enchant weapon
 f - 15 scrolls of remove curse
 k - 3 scrolls of brand weapon
 l - 3 scrolls of blinking
 q - 11 scrolls of fear
 t - 8 scrolls of identify
 y - 8 scrolls of magic mapping
 H - 3 scrolls of fog
 R - 10 scrolls of recharging
 T - 8 scrolls of teleportation
Potions
 c - 5 potions of haste
 d - 3 potions of heal wounds
 m - 8 potions of restore abilities
 r - 12 potions of curing
 u - 2 potions of cancellation
 w - a potion of flight
 N - 3 potions of might
 O - 2 potions of invisibility
 Z - 2 potions of resistance
Comestibles
 j - 21 meat rations
 x - 2 bread rations


   Skills:
 + Level 19.3 Fighting
 O Level 27 Axes
   Level 1.5(16.2) Polearms
 + Level 17.9 Bows
   Level 2.3 Crossbows
 - Level 18.2 Armour
 - Level 2.4 Dodging
 - Level 1.5 Stealth
 - Level 4.3 Unarmed Combat
 + Level 24.6 Invocations
 - Level 24.0 Evocations


You had 22 spell levels left.
You knew the following spells:

 Your Spells              Type           Power        Failure   Level  Hunger
a - Blink                 Tloc           N/A          100%        2    ###....
b - Shroud of Golubria    Chrm/Tloc      #.........   100%        2    ###....


Dungeon Overview and Level Annotations

Branches:
Dungeon (15/15)            Temple (1/1) D:5            Lair (8/8) D:9
  Swamp (5/5) Lair:5       Spider (5/5) Lair:5        Slime (0/6) Lair:7
    Orc (4/4) D:11            Elf (3/3) Orc:3        Vaults (5/5) D:14
  Crypt (0/3) Vaults:3     Depths (5/5) D:15            Zot (5/5) Depths:5

Altars:
Ashenzari
Cheibriados
Dithmenos
Elyvilon
Fedhas
Gozag
Kikubaaqudgha
Makhleb
Nemelex Xobeh
Okawaru
Qazlal
Ru
Sif Muna
Trog
Vehumet
Xom
Yredelemnul
Zin
The Shining One
Beogh

Shops:
D:11 :   Orc:4 ![*=!*?   Vaults:2 *   Vaults:3 [   Depths:1 :

Portals:
Hell: Depths:1 Depths:2 Depths:3 Depths:4 Depths:5
Abyss: Depths:1 Depths:4
Pandemonium: Depths:1 Depths:2 Depths:3
Ziggurat: Depths:4

Annotations:
Spider:2 Arachne
Depths:4 6 runed doors
Zot:5 Urug


Innate Abilities, Weirdness & Mutations

You can walk on water.
You are very dopey. (Int -4)
Your flesh is heat resistant.
Your spells are a little harder to cast, but a little more powerful.
You expend magic power (6 MP) to strengthen your wands.


Message History

The ufetubus completely misses you.
The ufetubus hits you but does no damage.
There is a stone staircase leading up here.
You slice the ufetubus!!!
You kill the ufetubus!
Beogh accepts your kill.
You climb upwards.
You sense a powerful magical force warping space.
There is a stone staircase leading down here.
An ooze comes into view.
You cut the ooze into ribbons!!!!
You kill the ooze!
Beogh accepts your kill.
There is a stone staircase leading up here.
You climb upwards.
You sense a powerful magical force warping space.
There is a stone staircase leading down here.
You see here a dagger.
There is a staircase leading out of the dungeon here.
You have escaped!

##.###.## ##.## ##.###### #.##
##.†...# ##.#####.####.#
#...##.## #.# #######.#.## #.#
##### #.....#.#.# #.# ....#
#.##....#.# #.# ..#.#
#.#..@..#.######.#####
#.#.########.#....##.#..#........
#............#.#.....##.#..#.....
.......##....#.########......####
###.##.##..###...# ##...)###
#.##.##..#.###.#####.......####
#.##...........)....)..........
#.#####..#...#######.......####
###.# #..##.## ##....###


There were no monsters in sight!

Vanquished Creatures
  6 ancient liches
  8 orbs of fire (Zot:5)
  Boris (Depths:4)
  the Lernaean hydra (Swamp:5)
  Norris (Spider:2)
  A curse toe (Zot:4)
  Mara (Depths:1)
  2 Killer Klowns
  Mennas (Vaults:2)
  5 golden dragons
  Jory (Vaults:3)
  2 bone dragons
  2 orc warlords (Depths:3)
  Nikola (Depths:1)
  5 electric golems
  16 tentacled monstrosities
  A lich (Depths:4)
  19 Orb Guardians
  2 deep elf blademasters (Elf:3)
  A quicksilver dragon (Depths:3)
  8 titans
  2 deep elf master archers (Depths:3)
  10 sphinxes
  A thorn hunter (Swamp:5)
  6 tengu reavers
  An Executioner (Depths:3)
  10 storm dragons
  A blood saint (Zot:1)
  3 shadow dragons
  2 draconian monks (Zot:5)
  6 frost giants
  Wiglaf (Elf:3)
  An iron dragon (Vaults:5)
  Maud (Lair:5)
  9 fire giants
  14 vault wardens
  4 draconian scorchers
  7 draconian knights
  Louise (Spider:4)
  6 ghost moths
  8 emperor scorpions
  A draconian zealot (Zot:2)
  6 deep elf sorcerers (Elf:3)
  3 war gargoyles (Vaults:5)
  8 ironheart preservers
  Jorgrun (Vaults:4)
  2 spriggan defenders (Depths:4)
  5 draconian annihilators
  14 stone giants
  4 draconian shifters
  A reaper (D:9)
  A draconian caller (Zot:5)
  5 grey draconians
  16 very ugly things
  14 deep elf demonologists
  2 salamander firebrands
  7 green draconians
  5 black draconians
  5 red draconians
  8 white draconians
  2 deep elf annihilators (Elf:3)
  7 dire elephants
  4 mottled draconians
  6 pale draconians
  8 purple draconians
  4 yellow draconians
  A green death (Zot:5)
  Snorg (Lair:6)
  A deep elf death mage (Vaults:5)
  3 minotaurs
  14 vault guards
  3 mummy priests (WizLab)
  14 ettins
  4 deep elf high priests
  22 fire dragons
  16 ice dragons
  6 great orbs of eyes
  14 ogre magi
  Fannar (Orc:4)
  6 death cobs
  8 rakshasas
  19 yaktaur captains
  A spectral tengu (Depths:1)
  10 deep troll earth magi
  2 spriggan air magi
  Nessos (D:12)
  19 hydras
  3 catoblepae
  12 centaur warriors
  14 dancing weapons
  A hell beast (Depths:3)
  28 death yaks
  8 deep troll shamans
  A titan zombie (Vaults:5)
  A satyr (shapeshifter) (Depths:1)
  12 alligators
  A naga sharpshooter (Depths:3)
  A vampire mage (Depths:1)
  3 tengu warriors
  A storm dragon zombie (Vaults:5)
  2 orc high priests
  A soul eater (Depths:1)
  A salamander mystic (Depths:4)
  2 spriggan berserkers
  2 iron trolls
  18 deep elf knights
  2 fire crabs (Vaults:3)
  A spectral storm dragon (Depths:1)
  4 giant orange brains
  A shadow demon (Elf:3)
  4 shadow wraiths
  11 hell knights
  A gelid demonspawn (Zot:1)
  A death drake (shapeshifter) (Depths:3)
  2 spriggan druids (Swamp:4)
  14 swamp dragons
  7 unseen horrors
  A torturous demonspawn (Zot:5)
  A golden dragon zombie (WizLab)
  23 deep trolls
  5 flayed ghosts
  3 wizards
  13 deep elf summoners
  A hill giant (shapeshifter) (Depths:1)
  An ice statue (IceCv)
  6 orc knights
  17 ironbrand convokers
  8 large abominations (Depths:4)
  An anubis guard (shapeshifter) (Depths:3)
  13 deep elf conjurers
  13 orb spiders
  A sphinx zombie (Depths:1)
  13 cyclopes
  A spectral spriggan (Depths:1)
  5 lindwurms
  A frost giant zombie (WizLab)
  8 hill giants
  A sphinx skeleton (Vaults:5)
  2 water nymphs (shapeshifter)
  A mana viper (Depths:3)
  5 small abominations
  4 salamanders (Depths:4)
  5 griffons
  3 hornets
  A hornet (shapeshifter) (Elf:1)
  41 ugly things
  10 necromancers
  21 wolf spiders
  A griffon (shapeshifter) (Vaults:5)
  3 stone giant zombies
  4 phantasmal warriors
  3 mana vipers (shapeshifter)
  A draconian (shapeshifter) (Depths:2)
  25 moths of wrath
  4 sixfirhies
  A guardian serpent (shapeshifter) (Depths:2)
  An elephant (shapeshifter) (Depths:4)
  6 manticores
  4 centaur zombies
  An eye of devastation (shapeshifter) (Depths:4)
  2 torpor snails
  A frost giant skeleton (Vaults:5)
  A moth of wrath (shapeshifter) (Vaults:4)
  A torpor snail (shapeshifter) (Vaults:5)
  14 vault sentinels
  24 elephants
  A spiny frog (shapeshifter) (Elf:3)
  2 eyes of devastation (Depths:3)
  2 black mambas
  A naga mage (Depths:3)
  2 orange demons
  A gargoyle (D:14)
  18 spiny frogs
  An emperor scorpion zombie (WizLab)
  13 demonic crawlers
  An efreet (D:11)
  58 yaktaurs
  A titan simulacrum (Depths:1)
  A fire drake (Lair:4)
  21 deep elf priests
  A red devil (Vaults:3)
  2 tengu conjurers
  2 guardian mummies (WizLab)
  2 kobold demonologists
  A troll (shapeshifter) (Elf:3)
  14 jumping spiders
  A freezing wraith (Vaults:3)
  6 komodo dragons
  A tormentor (Depths:3)
  A jumping spider (shapeshifter) (Depths:1)
  9 trolls
  Sonja (Orc:4)
  A two-headed ogre (shapeshifter) (Vaults:3)
  A wind drake (shapeshifter) (Depths:4)
  A giant leech (shapeshifter) (Vaults:5)
  12 polar bears
  8 giant leeches
  A baby alligator (shapeshifter) (Depths:4)
  17 baby alligators
  3 blue devils
  16 ravens
  A minotaur skeleton (Depths:1)
  A frost giant simulacrum (Depths:1)
  24 two-headed ogres
  A hornet zombie (D:13)
  6 boulder beetles
  An ice dragon zombie (WizLab)
  32 slime creatures
  11 bog bodies
  A wandering mushroom (Lair:8)
  7 blink frogs
  A basilisk (D:12)
  An ettin zombie (WizLab)
  A human (D:7)
  A stone giant simulacrum (Vaults:2)
  A vampire (D:13)
  20 trapdoor spiders
  15 spriggans
  A redback (shapeshifter) (Depths:5)
  A spriggan (shapeshifter) (Depths:2)
  46 redbacks
  3 shadows
  An ettin skeleton (Depths:1)
  A golden eye (shapeshifter) (Vaults:5)
  4 air elementals
  20 tarantellas
  3 chaos spawn
  11 hippogriffs
  Eustachio (Orc:2)
  An elf zombie (WizLab)
  3 wraiths
  A neqoxec (D:7)
  5 water elementals
  39 yaks
  An elf simulacrum (Depths:1)
  34 deep elf magi
  A hog (D:7)
  35 deep elf fighters
  A mottled dragon (shapeshifter) (Elf:2)
  3 hungry ghosts
  2 elf skeletons
  21 vampire mosquitoes
  2 wargs
  Edmund (D:6)
  The ghost of zquadzimyre the Shield-Bearer, an average GrFi (D:4)
  8 insubstantial wisps
  2 soldier ants (D:11)
  22 swamp worms
  2 tengu zombies
  2 eyes of draining
  47 wolves
  8 wasps
  9 ice beasts
  11 orc warriors
  12 water moccasins
  45 ogres
  4 human zombies
  36 spiders
  6 porcupines
  12 swamp drakes
  2 black bears (Lair:8)
  A black bear (shapeshifter) (Vaults:5)
  A necrophage (WizLab)
  2 sky beasts
  3 boggarts
  2 phantoms
  A boring beetle (Lair:6)
  25 centaurs
  12 crocodiles
  Blork the orc (D:6)
  A brain worm (D:14)
  A glowing shapeshifter simulacrum (Depths:1)
  3 human skeletons (Vaults:5)
  19 giant frogs
  A gnoll sergeant (D:9)
  A wyvern skeleton (D:14)
  A deep troll simulacrum (WizLab)
  8 scorpions
  A raiju zombie (WizLab)
  8 killer bees
  10 wights
  2 human simulacra
  A yak skeleton (D:14)
  3 electric eels
  2 vampire bats (D:2)
  2 goliath beetles (Spider:4)
  9 hounds
  6 crimson imps
  4 jellies
  3 orc zombies (Vaults:5)
  2 giant frog zombies
  15 iguanas
  8 orc priests
  A giant frog skeleton (D:7)
  3 centaur skeletons
  10 orc wizards
  5 worker ants
  4 orc skeletons (Vaults:5)
  12 hell rats
  14 sheep
  An ogre skeleton (Vaults:5)
  A mummy (D:9)
  2 worker ant zombies
  18 adders
  4 gnolls (D:9)
  32 river rats
  A shadow imp (D:14)
  11 white imps
  4 worms
  2 ufetubi
  2 giant eyeballs (Depths:3)
  2 adder skeletons
  9 giant geckos
  An ooze (D:2)
  24 orcs
  4 ball pythons
  15 bats
  6 bat skeletons
  A bat zombie (D:2)
  5 giant cockroaches
  21 goblins
  17 hobgoblins
  8 jackals
  17 kobolds
  A ball python skeleton (D:4)
  18 giant newts
  A giant spore (D:9)
  5 quokkas
  A quokka skeleton (D:5)
  19 rats
  A ballistomycete (D:9)
  4 crawling corpses
  10 fungi
  A macabre mass (Depths:1)
  5 plants
2272 creatures vanquished.

Vanquished Creatures (collateral kills)
  A Killer Klown (Zot:5)
  2 golden dragons
  7 Orb Guardians (Zot:5)
  A quicksilver dragon (Vaults:5)
  2 titans
  A deep elf master archer (Elf:3)
  3 sphinxes
  Rupert (Lair:6)
  The ghost of ajon the Severer, a mighty HOAK of Lugonu (Elf:3)
  4 storm dragons
  A draconian monk (Zot:2)
  A tengu reaver (Zot:4)
  A draconian zealot (Zot:3)
  3 deep elf sorcerers
  A draconian scorcher (Zot:4)
  2 fire giants (Vaults:4)
  3 vault wardens
  2 emperor scorpions (Spider:5)
  4 ironheart preservers
  3 stone giants
  A draconian caller (Zot:4)
  A pale draconian (Depths:5)
  A white draconian (Zot:2)
  A deep elf demonologist (Elf:3)
  A deep elf annihilator (Vaults:5)
  4 ettins
  3 red draconians
  The ghost of Sharkman1231 the Frost Mage, a powerful GrAE of Ashenzari (Orc:4)
  A purple draconian (Zot:3)
  16 vault guards
  An unborn (Vaults:3)
  3 deep elf death magi
  A green death (Elf:3)
  3 fire dragons
  2 yaktaur captains
  A deep elf high priest (Vaults:5)
  4 ice dragons
  A great orb of eyes (Depths:5)
  A spriggan air mage (Zot:4)
  4 ogre magi
  A centaur warrior (Depths:2)
  8 hydras
  A rakshasa (Depths:3)
  3 deep troll earth magi (Depths:1)
  A death knight (Vaults:3)
  A tengu warrior (D:15)
  An alligator (Swamp:2)
  3 dancing weapons (Elf:2)
  A catoblepas (Lair:7)
  7 death yaks
  A deep troll shaman (Vaults:5)
  2 deep elf knights (Elf:2)
  3 iron trolls
  4 deep trolls
  An unseen horror (D:10)
  3 swamp dragons
  A giant orange brain (shapeshifter) (Vaults:5)
  2 necromancers
  A deep elf summoner (Elf:2)
  An ironbrand convoker (Vaults:2)
  A harpy (shapeshifter) (Vaults:1)
  2 orc knights
  An oklob plant (Lair:7)
  2 deep elf conjurers
  A manticore (Depths:3)
  2 wizards
  A frost giant zombie (Depths:1)
  3 griffons
  A black mamba (shapeshifter) (Depths:1)
  4 moths of wrath
  3 vault sentinels
  An orb spider (Spider:4)
  19 ugly things
  A sixfirhy (Elf:3)
  3 wolf spiders
  An elephant (Lair:6)
  A black mamba (Lair:8)
  3 spiny frogs
  A cyclops (Vaults:1)
  A smoke demon (Elf:3)
  2 centaur skeletons (D:10)
  9 yaktaurs
  A hellwing (Zot:4)
  8 komodo dragons
  A troll (D:13)
  A fire drake (Lair:8)
  A deep elf priest (Depths:3)
  A tengu conjurer (D:14)
  5 polar bears
  A fire vortex (Lair:1)
  4 baby alligators
  5 two-headed ogres
  A basilisk (shapeshifter) (Vaults:3)
  9 slime creatures
  2 jumping spiders
  3 boulder beetles
  A raven (Depths:5)
  6 blink frogs
  A tarantella (Spider:4)
  An air elemental (Depths:5)
  2 redbacks
  2 basilisks
  4 spriggans
  2 trapdoor spiders
  2 wraiths (Vaults:1)
  A human (shapeshifter) (Vaults:4)
  3 hippogriffs (Lair:5)
  2 deep elf magi
  A wyvern (Lair:6)
  6 yaks
  3 deep elf fighters
  A steam dragon (D:9)
  14 wolves
  6 vampire mosquitoes
  3 swamp worms
  2 porcupines
  A swamp drake (shapeshifter) (Vaults:2)
  7 orc warriors
  2 spiders
  3 wasps
  A phantom (D:8)
  6 centaurs
  A boggart (Depths:3)
  A boring beetle (shapeshifter) (Elf:2)
  A black bear (Lair:8)
  4 crocodiles
  17 ogres
  A boring beetle (Lair:8)
  7 giant frogs
  A small abomination (Depths:4)
  A glowing shapeshifter simulacrum (Vaults:5)
  A wight (D:14)
  4 orc priests
  A giant frog skeleton (D:8)
  2 crimson imps
  A human simulacrum (Vaults:5)
  3 hounds
  7 orc wizards
  2 worker ants
  A hell rat (Elf:3)
  An iguana (D:9)
  4 sheep
  A worker ant zombie (D:8)
  3 adders
  2 gnolls (D:9)
  21 river rats
  3 white imps
  A giant gecko (D:9)
  27 orcs
  4 hobgoblins
  2 kobolds (D:8)
  A quokka (Lair:5)
  6 goblins
  2 orc skeletons (Vaults:5)
  An orc zombie (Vaults:5)
  A ballistomycete (D:9)
  3 crawling corpses
  2 fungi
  A plant (Lair:8)
472 creatures vanquished.

Vanquished Creatures (others)
  A spellforged servitor (Zot:5)
  2 orc warlords
  2 fire giants
  A draconian scorcher (Zot:1)
  Urug (Zot:5)
  11 orc high priests
  A death yak (IceCv)
  A deep elf knight (Depths:3)
  59 orc knights
  An ice devil (Vaults:5)
  6 orc sorcerers
  A moth of wrath (Zot:5)
  2 sixfirhies
  An orange demon (Vaults:5)
  3 smoke demons
  An elf zombie (Vaults:5)
  A rust devil (Depths:5)
  A polar bear (IceCv)
  A jumping spider (Spider:1)
  85 orc warriors
  2 yaks (IceCv)
  A ynoxinul (Depths:5)
  45 orc wizards
  A lost soul (Vaults:4)
  68 orc priests
  An iguana (D:9)
  A river rat (Lair:8)
  3 ufetubi (Vaults:5)
  151 orcs
  A fungus (Lair:2)
  A plant (Lair:8)
457 creatures vanquished.

Grand Total: 3201 creatures vanquished

Notes
Turn   | Place    | Note
--------------------------------------------------------------
     0 | D:1      | odiv, the Hill Orc Monk, began the quest for the Orb.
     0 | D:1      | Reached XP level 1. HP: 19/19 MP: 1/1
    63 | D:1      | Reached skill level 1 in Armour
    63 | D:1      | Reached XP level 2. HP: 18/27 MP: 2/2
   239 | D:1      | Reached skill level 1 in Polearms
   259 | D:1      | Reached XP level 3. HP: 25/33 MP: 3/3
   707 | D:1      | Reached skill level 1 in Axes
  1165 | D:2      | Reached XP level 4. HP: 37/40 MP: 4/4
  1420 | D:2      | Found an ancient bone altar of Kikubaaqudgha.
  1435 | D:2      | Reached XP level 5. HP: 40/46 MP: 5/5
  1637 | D:2      | Found a deep blue altar of Sif Muna.
  2280 | D:4      | Noticed an ogre
  2528 | D:4      | Reached XP level 6. HP: 28/52 MP: 6/6
  2608 | D:4      | Noticed zquadzimyre's ghost (average GrFi)
  2639 | D:5      | Entered Level 5 of the Dungeon
  2676 | D:4      | Noticed a phantom
  2828 | D:5      | Reached skill level 5 in Axes
  2846 | D:5      | Found a radiant altar of Vehumet.
  2885 | D:5      | Found a staircase to the Ecumenical Temple.
  2894 | Temple   | Entered the Ecumenical Temple
  3200 | D:5      | Reached skill level 5 in Armour
  3217 | D:5      | Reached XP level 7. HP: 55/59 MP: 7/7
  3337 | D:5      | Reached skill level 6 in Axes
  3460 | D:5      | Found a radiant altar of Vehumet.
  3778 | D:6      | Noticed Blork the orc
  3788 | D:6      | Killed Blork the orc
  3802 | D:6      | Became a worshipper of Beogh the Brigand
  3802 | D:6      | Acquired Beogh's first power
  3802 | D:6      | Acquired Beogh's second power
  4295 | D:6      | Reached skill level 7 in Axes
  4331 | D:6      | Noticed Edmund
  4352 | D:6      | Killed Edmund
  4352 | D:6      | Reached skill level 8 in Axes
  4352 | D:6      | Reached XP level 8. HP: 62/66 MP: 8/8
  4489 | D:6      | Found a bloodstained altar of Trog.
  5054 | D:7      | Reached skill level 1 in Invocations
  5059 | D:7      | Found a stormy altar of Qazlal.
  5202 | D:7      | Reached skill level 9 in Axes
  5602 | D:7      | Acquired Beogh's third power
  5602 | D:7      | Reached XP level 9. HP: 63/71 MP: 15/15
  5780 | D:7      | Reached skill level 10 in Axes
  5780 | D:7      | Reached skill level 5 in Invocations
  6001 | D:8      | Gained Gorbash as an ally
  6027 | D:8      | Found a basalt altar of Yredelemnul.
  6564 | D:8      | Found an iron altar of Okawaru.
  6766 | D:9      | Found a glowing silver altar of Zin.
  6853 | D:9      | Gained Ugbert as an ally
  6865 | D:9      | Acquired Beogh's fourth power
  6905 | D:9      | Reached skill level 11 in Axes
  6979 | D:9      | Reached XP level 10. HP: 69/78 MP: 21/21
  7156 | D:9      | Found a staircase to the Lair.
  7274 | Lair:1   | Entered Level 1 of the Lair of Beasts
  7509 | Lair:1   | Gained Garbold as an ally
  7509 | Lair:1   | Reached skill level 10 in Armour
  7716 | Lair:1   | Noticed a five-headed hydra
  7725 | Lair:1   | Killed a five-headed hydra
  7942 | Lair:1   | Noticed a black mamba
  7949 | Lair:1   | Killed a black mamba
  7949 | Lair:1   | Reached skill level 12 in Axes
  8381 | Lair:2   | Your ally Ugbert died
  8554 | Lair:2   | Reached XP level 11. HP: 47/84 MP: 24/24
  8722 | Lair:2   | Reached skill level 10 in Invocations
  8732 | Lair:2   | Noticed an elephant
  8743 | Lair:2   | Acquired Beogh's fifth power
  8745 | Lair:2   | Killed an elephant
  8755 | Lair:2   | Your ally Garbold died
  8790 | Lair:2   | Reached skill level 13 in Axes
  9843 | Lair:3   | Reached skill level 5 in Fighting
  9859 | Lair:3   | Reached skill level 14 in Axes
  9865 | Lair:3   | Noticed a five-headed hydra
  9875 | Lair:3   | Your ally Gorbash died
  9879 | Lair:3   | Killed a seven-headed hydra
 10014 | Lair:3   | Reached XP level 12. HP: 59/96 MP: 26/26
 10075 | Lair:3   | Gained Zartorak as an ally
 10084 | Lair:3   | Found a hole to the Spider Nest.
 11642 | Lair:5   | Reached skill level 15 in Axes
 11685 | Lair:5   | Noticed a six-headed hydra
 11697 | Lair:5   | Killed a six-headed hydra
 11768 | Lair:5   | Noticed Maud
 11775 | Lair:5   | Killed Maud
 11787 | Lair:5   | Found a hole to the Spider Nest.
 11891 | Lair:5   | Found a frozen archway.
 11904 | Lair:5   | Gained Dorog as an ally
 11912 | IceCv    | Entered an ice cave
 12155 | IceCv    | Reached XP level 13. HP: 107/111 MP: 27/27
 12446 | IceCv    | Reached skill level 10 in Fighting
 12449 | IceCv    | Gained Ortolf as an ally
 12479 | IceCv    | Reached skill level 16 in Axes
 12565 | IceCv    | Noticed a death yak
 12577 | IceCv    | Reached skill level 1 in Crossbows
 12592 | IceCv    | Killed a death yak
 12840 | IceCv    | Noticed a death yak
 12840 | IceCv    | Noticed a death yak
 12841 | IceCv    | Noticed a white draconian
 12847 | IceCv    | Your ally Ortolf died
 12850 | IceCv    | Killed a death yak
 12851 | IceCv    | Gained Gorm as an ally
 12855 | IceCv    | Your ally Gorm died
 12861 | IceCv    | Killed a death yak
 12861 | IceCv    | Gained Thorok as an ally
 12872 | IceCv    | Your ally Thorok died
 12888 | IceCv    | Killed a white draconian
 13236 | Lair:5   | Found a staircase to the Swamp.
 13340 | Lair:5   | Reached skill level 1 in Bows
 13419 | Lair:5   | Noticed a death yak
 13420 | Lair:5   | Noticed a death yak
 13422 | Lair:5   | Noticed a death yak
 13423 | Lair:5   | Noticed a death yak
 13424 | Lair:5   | Noticed a death yak
 13425 | Lair:5   | Noticed a death yak
 13428 | Lair:5   | Killed a death yak
 13429 | Lair:5   | Killed a death yak
 13434 | Lair:5   | Killed a death yak
 13434 | Lair:5   | Killed a death yak
 13436 | Lair:5   | Killed a death yak
 13437 | Lair:5   | Killed a death yak
 13951 | Lair:6   | Noticed Rupert
 13957 | Lair:6   | Killed Rupert
 14126 | Lair:6   | Found a staircase to the Shoals.
 14131 | Lair:6   | Reached skill level 17 in Axes
 14489 | Lair:6   | Noticed Snorg
 14496 | Lair:6   | Killed Snorg
 14496 | Lair:6   | Gained Margrim as an ally
 14528 | Lair:6   | Reached XP level 14. HP: 123/125 MP: 28/28
 15296 | Lair:7   | Found a staircase to the Slime Pits.
 15593 | Lair:7   | Reached skill level 5 in Bows
 16165 | Lair:8   | Entered Level 8 of the Lair of Beasts
 16482 | Lair:8   | Reached skill level 18 in Axes
 18016 | D:4      | Gained Bogdar as an ally
 18097 | D:4      | Killed an ogre
 18253 | D:4      | Killed zquadzimyre's ghost
 18253 | D:4      | Reached XP level 15. HP: 134/134 MP: 29/29
 18612 | D:4      | Noticed a phantom
 18616 | D:4      | Killed a phantom
 18987 | D:10     | Entered Level 10 of the Dungeon
 19305 | D:10     | Identified the Disquisition on Enchantment and the Voyage (You found it on level 10 of the Dungeon)
 19309 | D:10     | Learned a level 2 spell: Blink
 19312 | D:10     | Learned a level 2 spell: Shroud of Golubria
 19387 | D:10     | Gained Jorge as an ally
 19966 | D:11     | Noticed Urug
 19975 | D:11     | Found a staircase to the Orcish Mines.
 19981 | D:11     | Gained Bogbarth as an ally
 20355 | D:11     | Found Kuoduap's Book Emporium.
 20427 | D:11     | Gained Herok as an ally
 20521 | Orc:1    | Entered Level 1 of the Orcish Mines
 20751 | Orc:1    | Found a roughly hewn altar of Beogh.
 21014 | Orc:2    | Noticed Eustachio
 21018 | Orc:2    | Killed Eustachio
 21018 | Orc:2    | Gained Borgk as an ally
 21098 | Orc:2    | Gained Boghold as an ally
 21115 | Orc:2    | Gained Bogbrand as an ally
 21205 | Orc:2    | You fall through a shaft!
 21391 | Orc:1    | Found a bloodstained altar of Trog.
 21771 | Orc:3    | Found a staircase to the Elven Halls.
 21892 | Orc:3    | You fall through a shaft!
 21892 | Orc:4    | Entered Level 4 of the Orcish Mines
 21892 | Orc:4    | Found Ydeanedo's Distillery.
 21902 | Orc:4    | Gained Ognian as an ally
 21930 | Orc:4    | Bought a potion of degeneration for 10 gold pieces
 21930 | Orc:4    | Bought a potion of mutation for 25 gold pieces
 21936 | Orc:4    | Noticed Fannar
 21956 | Orc:4    | Killed Fannar
 21962 | Orc:4    | Gained Bogwald as an ally
 21965 | Orc:4    | Found a labyrinth entrance.
 21988 | Lab      | Entered a labyrinth
 22292 | Lab      | Reached skill level 19 in Axes
 22300 | Lab      | Identified a +6 rod of shadows (13/13) (You found it in a labyrinth)
 22381 | Orc:4    | Found Kuas' Distillery.
 22381 | Orc:4    | Found Xyoqyev's Assorted Antiques.
 22389 | Orc:4    | Found Chatsub's Jewellery Shop.
 22393 | Orc:4    | Found Shocik's Magic Scroll Shoppe.
 22448 | Orc:4    | Bought a cursed ring of loudness for 54 gold pieces
 22453 | Orc:4    | Bought a scroll of noise for 13 gold pieces
 22514 | Orc:4    | Reached skill level 1 in Evocations
 22514 | Orc:4    | Gained Bogwald as an ally
 22531 | Orc:4    | Found Shryqyn's General Store.
 22531 | Orc:4    | Noticed Sharkman1231's ghost (powerful GrAE)
 22551 | Orc:4    | Killed Sharkman1231's ghost
 22551 | Orc:4    | Gained Harm as an ally
 22555 | Orc:4    | Reached skill level 10 in Bows
 22599 | Orc:4    | Gained Bogrim as an ally
 22747 | Orc:4    | Found Sharchekh's Antique Armour Shop.
 23272 | Orc:4    | Noticed Sonja
 23275 | Orc:4    | Killed Sonja
 23439 | Orc:4    | Bought a pair of transparent boots for 342 gold pieces
 23439 | Orc:4    | Identified the +1 pair of boots of the Midnight Sun {-Cast rCorr Dex+3 SInv} (You bought it in a shop on level 4 of the Orcish Mines)
 23452 | Orc:4    | Upgraded the game from 0.16.0-8-gd9ae3a8 to 0.16.0-11-gd45b091
 23468 | Orc:4    | Bought a potion of curing for 36 gold pieces
 23468 | Orc:4    | Bought a scroll of blinking for 90 gold pieces
 23468 | Orc:4    | Bought a scroll of identify for 24 gold pieces
 23468 | Orc:4    | Bought a scroll of identify for 24 gold pieces
 23468 | Orc:4    | Bought a scroll of torment for 90 gold pieces
 23501 | Orc:4    | Bought a scroll of identify for 26 gold pieces
 23501 | Orc:4    | Bought a scroll of identify for 26 gold pieces
 23501 | Orc:4    | Bought a scroll of recharging for 123 gold pieces
 23501 | Orc:4    | Bought a scroll of enchant armour for 97 gold pieces
 23501 | Orc:4    | Bought a scroll of enchant armour for 97 gold pieces
 23501 | Orc:4    | Bought a scroll of identify for 26 gold pieces
 23501 | Orc:4    | Bought a scroll of identify for 26 gold pieces
 23501 | Orc:4    | Bought a scroll of identify for 26 gold pieces
 23503 | Orc:4    | Bought 2 scrolls of teleportation for 138 gold pieces
 23539 | Orc:4    | Bought a potion of cure mutation for 350 gold pieces
 23539 | Orc:4    | Bought a potion of heal wounds for 50 gold pieces
 23539 | Orc:4    | Bought a potion of cure mutation for 350 gold pieces
 23689 | Orc:2    | Found a roughly hewn altar of Beogh.
 23957 | D:12     | Found a sacrificial altar of Ru.
 23987 | D:12     | Gained Orkrul as an ally
 24186 | D:12     | Noticed Nessos
 24194 | D:12     | Killed Nessos
 24236 | D:12     | Gained Orkrul as an ally
 24279 | D:12     | Identified a +6 rod of ignition (10/10) (You took it off a minotaur in a labyrinth)
 24561 | D:13     | Gained Murdo as an ally
 25051 | D:13     | Found a runed door.
 25061 | D:13     | Noticed a sphinx
 25062 | D:13     | Paralysed by a sphinx for 4 turns
 25065 | D:13     | Killed a sphinx
 25087 | D:13     | Noticed a tengu reaver
 25090 | D:13     | Killed a tengu reaver
 25092 | D:13     | Gained Thorok as an ally
 25372 | D:14     | Got a faintly glowing spear
 25373 | D:14     | Identified the +11 spear "Ucikoacs" {pierce, rN++ MP+9 Int-3 Stlth+} (You found it on level 14 of the Dungeon)
 25430 | D:14     | Reached skill level 5 in Evocations
 25440 | D:14     | Reached XP level 16. HP: 84/141 MP: 23/30
 25709 | D:14     | Gained Bogrim as an ally
 25865 | D:14     | Found a gate to the Vaults.
 25960 | D:15     | Entered Level 15 of the Dungeon
 26180 | D:15     | Reached skill level 20 in Axes
 26181 | D:15     | Your ally Murdo died
 26184 | D:15     | Your ally Orkrul died
 26188 | D:15     | Your ally Thorok died
 26189 | D:15     | Your ally Orkrul died
 26357 | D:15     | Your ally Bogrim died
 26390 | D:15     | Found a staircase to the Depths.
 26846 | Depths:1 | Entered Level 1 of the Depths
 26855 | Depths:1 | Found Twoacsas' Book Boutique.
 26916 | Depths:1 | Noticed Mara
 27689 | Swamp:1  | Entered Level 1 of the Swamp
 28797 | Swamp:1  | Gained Urtork as an ally
 28842 | Swamp:1  | HP: 4/141 [giant leech (27)]
 30346 | Swamp:3  | Reached XP level 17. HP: 88/148 MP: 30/30
 30545 | Swamp:4  | Your ally Urtork died
 30628 | Swamp:4  | Reached skill level 21 in Axes
 30638 | Swamp:4  | Gained Arbeogh as an ally
 31180 | Swamp:5  | Entered Level 5 of the Swamp
 31452 | Swamp:5  | Reached skill level 10 in Evocations
 31467 | Swamp:5  | Noticed the 27-headed Lernaean hydra
 31584 | Swamp:5  | Killed the 25-headed Lernaean hydra
 31608 | Swamp:5  | Gained Hilgar as an ally
 31707 | Swamp:5  | Your ally Hilgar died
 31717 | Swamp:5  | Gained Arbolt as an ally
 31898 | Swamp:5  | Your ally Arbolt died
 31960 | Swamp:5  | Gained Arbolt as an ally
 31998 | Swamp:5  | Your ally Arbolt died
 32162 | Swamp:5  | Got a decaying rune of Zot
 32229 | Swamp:5  | Gained Grimold as an ally
 32367 | Swamp:2  | Upgraded the game from 0.16.0-11-gd45b091 to 0.16.0-14-g63f578d
 32668 | Swamp:1  | Gained Borgoth as an ally
 32866 | Spider:1 | Entered Level 1 of the Spider Nest
 32906 | Spider:2 | Noticed Arachne
 33303 | Spider:1 | Gained Orgrim as an ally
 33355 | Spider:1 | Gained Ogrik as an ally
 33421 | Spider:1 | Got a transparent arbalest
 33422 | Spider:1 | Identified the +4 arbalest of the Four Eyes {elec, Int-2 Dex+4} (You found it on level 1 of the Spider Nest)
 33447 | Spider:1 | Gained Margrim as an ally
 33462 | Spider:1 | Your ally Ogrik died
 33697 | Spider:2 | Noticed Norris
 33699 | Spider:2 | Your ally Margrim died
 33704 | Spider:2 | Your ally Orgrim died
 33710 | Spider:2 | Killed Norris
 33710 | Spider:2 | Gained Learuk as an ally
 33769 | Spider:2 | Reached skill level 22 in Axes
 34040 | Spider:3 | Reached XP level 18. HP: 145/155 MP: 31/31
 34420 | Spider:5 | Entered Level 5 of the Spider Nest
 34630 | Spider:4 | Identified a scroll of acquirement
 34756 | Spider:4 | Noticed Louise
 34768 | Spider:4 | Killed Louise
 34880 | Spider:4 | Gained Boderik as an ally
 34942 | Spider:4 | Gained Bogric as an ally
 35073 | Spider:4 | Your ally Bogric died
 35172 | Spider:4 | Your ally Boderik died
 37277 | Spider:5 | Gained Okrist as an ally
 37452 | Spider:5 | Your ally Okrist died
 37510 | Spider:5 | Got a gossamer rune of Zot
 37695 | Spider:2 | Gained Bogmar as an ally
 37750 | Lair:5   | Got a transparent executioner's axe
 37751 | Lair:5   | Identified the +1 executioner's axe "Acoorunnumo" {holy, Stlth+} (You acquired it on level 5 of the Lair of Beasts)
 38353 | Vaults:1 | Entered Level 1 of the Vaults
 38421 | Vaults:1 | Gained Wardok as an ally
 38426 | Vaults:1 | HP: 5/155 [fire dragon/blast of flame (38)]
 38427 | Vaults:1 | Gained Bogbarth as an ally
 38435 | Vaults:1 | Your ally Margrim died
 38604 | Vaults:1 | Found a magical portal.
 38633 | WizLab   | Entered Doroklohe's Tomb
 39381 | WizLab   | Got a fine plate armour
 39382 | WizLab   | Identified the +11 plate armour of Anaesthesia {MP-9 Dex+7} (You took it off a mummy priest in a wizard's laboratory)
 39407 | WizLab   | Noticed an ancient lich
 39423 | WizLab   | Killed an ancient lich
 39423 | WizLab   | Reached skill level 23 in Axes
 39426 | WizLab   | Reached XP level 19. HP: 113/161 MP: 24/33
 39450 | WizLab   | Gained Arkwar as an ally
 39660 | Vaults:1 | Your ally Grimold died
 39677 | Vaults:1 | Your ally Borgk died
 39755 | Vaults:1 | Your ally Bogwald died
 39881 | Vaults:1 | Your ally Boghold died
 39942 | Vaults:1 | Reached skill level 15 in Bows
 39950 | Vaults:1 | Your ally Arkwar died
 39956 | Vaults:1 | Gained Bolgrim as an ally
 40087 | Vaults:1 | Gained Wargath as an ally
 40226 | Vaults:1 | Your ally Wargath died
 40266 | Vaults:1 | Your ally Bogdar died
 41215 | Vaults:2 | Gained Boderik as an ally
 41227 | Vaults:2 | Gained Norbak as an ally
 41295 | Vaults:2 | Found Quxedir's Assorted Antiques.
 41300 | Vaults:2 | Bought a potion of curing for 111 gold pieces
 41446 | Vaults:2 | Noticed Mennas
 41461 | Vaults:2 | Killed Mennas
 41461 | Vaults:2 | Gained Morguth as an ally
 41522 | Vaults:2 | Gained Argrim as an ally
 41544 | Vaults:2 | Gained Geork as an ally
 42012 | Vaults:3 | Gained Grimold as an ally
 42015 | Vaults:3 | Gained Morguth as an ally
 42022 | Vaults:3 | Reached XP level 20. HP: 159/172 MP: 26/35
 42037 | Vaults:3 | Your ally Grimold died
 42081 | Vaults:3 | Your ally Morguth died
 42252 | Vaults:3 | Noticed Jory
 42261 | Vaults:3 | Killed Jory
 42327 | Vaults:3 | Gained Ugrim as an ally
 42364 | Vaults:3 | Gained Urtork as an ally
 42751 | Vaults:3 | Gained Dorog as an ally
 42885 | Vaults:3 | Gained Murdo as an ally
 42891 | Vaults:3 | Found Choet's Antique Armour Emporium.
 42936 | Vaults:3 | Bought a warped chain mail for 209 gold pieces
 42938 | Vaults:3 | Identified the +11 chain mail of Blies {-Tele rC++ Stlth+} (You bought it in a shop on level 3 of the Vaults)
 42942 | Vaults:3 | Bought a pair of glowing gloves for 99 gold pieces
 43025 | Vaults:3 | Reached skill level 15 in Armour
 43062 | Vaults:3 | Your ally Urtork died
 43097 | Vaults:3 | Your ally Dorog died
 43114 | Vaults:3 | Gained Wardok as an ally
 43271 | Vaults:3 | Reached skill level 24 in Axes
 43382 | Vaults:3 | Found a staircase to the Crypt.
 43626 | Vaults:3 | Gained Borgoth as an ally
 43862 | Vaults:3 | Gained Grimold as an ally
 44016 | Vaults:4 | Noticed Jorgrun
 44031 | Vaults:4 | Killed Jorgrun
 44031 | Vaults:4 | Gained Morguth as an ally
 44155 | Vaults:4 | Reached skill level 15 in Evocations
 44644 | Vaults:4 | Gained Bogbrand as an ally
 44755 | Vaults:4 | Gained Worak as an ally
 44759 | Vaults:4 | Gained Bogbarth as an ally
 44763 | Vaults:4 | Gained Bogwik as an ally
 45139 | Vaults:4 | Got a bone great mace
 45140 | Vaults:4 | Identified the +7 great mace of Fundamental Breach {vamp, Str+7 Int+3 Dex-3} (You found it on level 4 of the Vaults)
 45224 | Vaults:5 | Entered Level 5 of the Vaults
 45228 | Vaults:5 | Your ally Bogbarth died
 45231 | Vaults:4 | Your ally Bogbrand died
 45722 | Depths:1 | Noticed a titan
 45730 | Depths:1 | Killed a titan
 45730 | Depths:1 | Reached XP level 21. HP: 139/183 MP: 27/36
 45763 | Depths:1 | Got a crude scale mail
 45764 | Depths:1 | Identified the cursed -5 scale mail of Surprise {rC+} (You found it on level 1 of the Depths)
 45791 | Depths:1 | Your ally Bogwik died
 45978 | Depths:1 | Found a one-way gate to the infinite horrors of the Abyss.
 45986 | Depths:1 | Your ally Borgoth died
 45987 | Depths:1 | Reached skill level 15 in Fighting
 45993 | Depths:1 | Your ally Harm died
 46003 | Depths:1 | Your ally Learuk died
 46003 | Depths:1 | Your ally Borgoth died
 46011 | Depths:1 | Your ally Arbeogh died
 46014 | Depths:1 | Your ally Worak died
 46320 | Depths:1 | Found a gateway to Hell.
 46456 | Depths:1 | Found a portal to a secret trove of treasure.
 46473 | Depths:1 | Gained Brandogh as an ally
 46506 | Depths:1 | Found a one-way gate leading to the halls of Pandemonium.
 46538 | Depths:1 | Noticed Nikola
 46547 | Depths:1 | Killed Nikola
 46547 | Depths:1 | Gained Bogdan as an ally
 46607 | Depths:1 | Noticed a bone dragon
 46629 | Depths:1 | Killed a bone dragon
 46655 | Depths:1 | Identified Sinooter's Disquisition on Sinister Rites
 46880 | Depths:1 | Killed Mara
 46934 | Depths:1 | Noticed a sphinx
 46937 | Depths:1 | Killed a sphinx
 47432 | Depths:2 | Your ally Bogdan died
 47436 | Depths:2 | Your ally Brandogh died
 47578 | Depths:2 | Gained Bogric as an ally
 47707 | Depths:2 | Identified the Guide on Boosting Curses (You found it on level 2 of the Depths)
 47799 | Depths:2 | Your ally Bogric died
 47802 | Depths:2 | Reached skill level 25 in Axes
 47865 | Depths:2 | Gained Marbork as an ally
 48070 | Depths:2 | Was placed under penance by Beogh
 48302 | Depths:2 | Reached XP level 22. HP: 195/195 MP: 28/37
 48475 | Depths:2 | Was forgiven by Beogh
 48476 | Depths:2 | Gained Ogrik as an ally
 48601 | Depths:2 | Gained Zorug as an ally
 49263 | Depths:3 | Gained Agrik as an ally
 49263 | Depths:3 | Gained Boruk as an ally
 49268 | Depths:3 | Gained Boldo as an ally
 49478 | Depths:3 | Your ally Boruk died
 49506 | Depths:3 | Your ally Boldo died
 49510 | Depths:3 | Gained Orbeogh as an ally
 49531 | Depths:3 | Your ally Agrik died
 49534 | Depths:3 | Your ally Orbeogh died
 49593 | Depths:3 | Paralysed by a giant eyeball for 4 turns
 49796 | Depths:3 | Gained Olfik as an ally
 49917 | Depths:3 | Your ally Olfik died
 50097 | Depths:3 | Paralysed by a giant eyeball for 4 turns
 50433 | Depths:3 | Noticed an ancient lich
 50694 | Depths:3 | Killed an ancient lich
 50765 | Depths:3 | Got a crystal greatsling
 50770 | Depths:3 | Got an ichor-stained ring mail
 50780 | Depths:3 | Identified the cursed -1 greatsling "Crui" {freeze, rPois rF- MP+9 Stlth+} (You found it on level 3 of the Depths)
 50782 | Depths:3 | Identified the +3 ring mail of Inviolability {-Tele rN+ Int+4 Slay+3} (You found it on level 3 of the Depths)
 50784 | Depths:3 | Identified Pluckovi's Grimoire of Illusion (You found it on level 3 of the Depths)
 50911 | Depths:4 | Found a gateway to a ziggurat.
 51020 | Depths:4 | Noticed Boris
 51028 | Depths:4 | Killed Boris
 51028 | Depths:4 | Gained Wargath as an ally
 51111 | Depths:4 | Gained Olfik as an ally
 51116 | Depths:4 | Reached XP level 23. HP: 180/206 MP: 29/38
 51166 | Depths:4 | Your ally Olfik died
 51241 | Depths:4 | Your ally Wargath died
 51546 | Depths:4 | Gained Warrok as an ally
 51657 | Depths:4 | Found a runed gate.
 51657 | Depths:4 | Found a runed gate.
 51657 | Depths:4 | Found a runed gate.
 51689 | Depths:4 | Reached skill level 26 in Axes
 52030 | Depths:4 | Found a sparkling altar of Nemelex Xobeh.
 52495 | Depths:4 | Your ally Warrok died
 52602 | Depths:4 | Found a runed gate.
 52602 | Depths:4 | Found a runed gate.
 52603 | Depths:4 | Found a runed gate.
 53122 | Depths:5 | Entered Level 5 of the Depths
 53437 | Vaults:2 | Bought a short bone wand for 148 gold pieces
 53453 | Vaults:2 | Your ally Boderik died
 53457 | Vaults:2 | Your ally Norbak died
 53894 | Depths:5 | Gained Norbak as an ally
 53895 | Depths:5 | Your ally Norbak died
 53923 | Depths:5 | Gained Bogwald as an ally
 54041 | Depths:5 | Your ally Bogwald died
 54106 | Depths:5 | Gained Borgk as an ally
 54347 | Depths:5 | Found a gate to the Realm of Zot.
 54599 | Depths:5 | Your ally Borgk died
 54779 | Depths:5 | Reached skill level 15 in Invocations
 55336 | Depths:1 | You paid a toll of a wand of hasting (9) to enter a treasure trove
 55337 | Trove    | Entered a treasure trove
 55344 | Trove    | Got a faintly glowing plate armour
 55353 | Trove    | Got a pair of bloodstained boots
 55356 | Trove    | Got a steaming helmet
 55358 | Trove    | Got a twisted cloak
 55363 | Trove    | Got a pair of jewelled gloves
 55371 | Trove    | Identified the +17 plate armour of the Blind Marksman {-Tele rElec rF++ Dex+7} (You found it in a treasure trove)
 55372 | Trove    | Identified the +5 pair of boots of Midnight {-Tele rN+ MR- MP+9 Str+4} (You found it in a treasure trove)
 55373 | Trove    | Identified the +0 helmet of Xaorot {+Inv Int+2} (You found it in a treasure trove)
 55374 | Trove    | Identified the +1 cloak of Chill Winds {rN+ MP+9 Str-5 SInv} (You found it in a treasure trove)
 55375 | Trove    | Identified the +1 pair of gloves of the Depths {rC- MP+9 Int+3} (You found it in a treasure trove)
 55407 | Trove    | Got a bronze ring mail
 55408 | Trove    | Identified the +1 ring mail of Frewnepp {MR+ SInv} (You found it in a treasure trove)
 55936 | Vaults:5 | Your ally Wardok died
 55939 | Vaults:5 | Your ally Grimold died
 55939 | Vaults:5 | Your ally Dorog died
 55943 | Vaults:5 | Your ally Wardok died
 55944 | Vaults:5 | Gained Bogwik as an ally
 55944 | Vaults:5 | Your ally Geork died
 55945 | Vaults:5 | Your ally Herok died
 55945 | Vaults:5 | Your ally Bogwald died
 55945 | Vaults:5 | Your ally Argrim died
 55945 | Vaults:5 | Reached XP level 24. HP: 168/216 MP: 40/40
 55945 | Vaults:5 | Gained Olfik as an ally
 55947 | Vaults:5 | Your ally Bogmar died
 55948 | Vaults:5 | Your ally Zorug died
 55948 | Vaults:5 | Your ally Olfik died
 55950 | Vaults:5 | Noticed a golden dragon
 55958 | Vaults:5 | Your ally Bogwik died
 55959 | Vaults:5 | Your ally Bogbarth died
 55962 | Vaults:5 | Killed a golden dragon
 56969 | Vaults:5 | Gained Bolgrim as an ally
 56980 | Vaults:5 | Your ally Bolgrim died
 57472 | Vaults:5 | Your ally Jorge died
 57872 | Elf:1    | Entered Level 1 of the Elven Halls
 58887 | Elf:2    | Gained Bladwarg as an ally
 59153 | Elf:2    | Found a runed gate.
 59153 | Elf:2    | Found a runed gate.
 59154 | Elf:2    | Found a runed gate.
 59404 | Elf:2    | Your ally Bladwarg died
 59420 | Elf:2    | Gained Bogrim as an ally
 59924 | Elf:3    | Entered Level 3 of the Elven Halls
 60440 | Elf:3    | Noticed Wiglaf
 60448 | Elf:3    | Your ally Bogrim died
 60461 | Elf:3    | Killed Wiglaf
 60638 | Elf:3    | Noticed ajon's ghost (mighty HOAK)
 60648 | Elf:3    | Killed ajon's ghost
 60819 | Elf:3    | Gained Bogdar as an ally
 60821 | Elf:3    | Your ally Bogdar died
 61418 | Elf:3    | Got a pair of twisted gloves
 61427 | Elf:3    | Identified the cursed -4 pair of gloves "Seqil" {Str+6} (You found it on level 3 of the Elven Halls)
 61543 | Elf:3    | Gained Oreg as an ally
 61683 | Elf:3    | Identified a +4 rod of shadows (11/11) (You took it off a deep elf annihilator on level 3 of the Elven Halls)
 62372 | Vaults:3 | Reached XP level 25. HP: 196/224 MP: 41/41
 62375 | Vaults:3 | Gained Brunolf as an ally
 62376 | Vaults:3 | Gained Judas as an ally
 62612 | Vaults:5 | Your ally Morguth died
 62613 | Vaults:5 | Your ally Morguth died
 62938 | Vaults:5 | Gained Bogdar as an ally
 63007 | Vaults:5 | Got a steaming iron ring
 63008 | Vaults:5 | Identified the ring "Root" {rElec rPois rC+ MR+ Str-4 Slay+3} (You found it on level 5 of the Vaults)
 63011 | Vaults:5 | Got a silver rune of Zot
 63610 | Vaults:5 | Got a smoking ivory ring
 63686 | Vaults:5 | Got a dazzling broad axe
 63705 | Vaults:5 | Identified the +0 broad axe of Gluttony {chop, rC+ Dex+3} (You found it on level 5 of the Vaults)
 63713 | Vaults:5 | Got a glittering golden ring
 63714 | Vaults:5 | Identified the ring "Qesuikip" {rPois rN+ AC+5 Dex-4 SInv} (You took it off an ironbrand convoker on level 5 of the Vaults)
 63715 | Vaults:5 | Identified the ring "Icuibo" {Int+6 Dex+3 Slay+3} (You took it off a vault sentinel on level 5 of the Vaults)
 63885 | Vaults:5 | Noticed an ancient lich
 63889 | Vaults:5 | Killed an ancient lich
 63953 | Vaults:5 | Your ally Bogdar died
 64188 | Vaults:5 | Got a bound glass ring
 64191 | Vaults:5 | Identified the ring of Midwinter {rC- rN+ Str+4 Dex+3 SInv Stlth+} (You took it off an orc wizard on level 5 of the Vaults)
 64322 | Vaults:5 | Upgraded the game from 0.16.0-14-g63f578d to 0.16.0-16-g311141a
 65059 | Zot:1    | Entered Level 1 of the Realm of Zot
 65070 | Zot:1    | Your ally Oreg died
 65103 | Zot:1    | Gained Milork as an ally
 65106 | Zot:1    | Your ally Milork died
 65890 | Zot:1    | Reached XP level 26. HP: 232/232 MP: 42/42
 66218 | Zot:1    | Gained Garbold as an ally
 66401 | Zot:1    | Gained Harm as an ally
 67320 | Zot:1    | Gained Arbolt as an ally
 67321 | Zot:1    | Your ally Arbolt died
 67919 | Zot:2    | Gained Okrist as an ally
 67929 | Zot:2    | Your ally Okrist died
 68193 | Zot:2    | Gained Arbolt as an ally
 68985 | Zot:3    | Gained Ugrim as an ally
 69090 | Zot:3    | Got a distressingly furry plate armour
 69091 | Zot:3    | Identified the -9 plate armour of the Morning {+Fly rC+ Str-5 Dex+6} (You found it on level 3 of the Realm of Zot)
 69581 | Zot:4    | Your ally Ugrim died
 69584 | Zot:4    | Your ally Arbolt died
 70387 | Zot:4    | Gained Brandogh as an ally
 70459 | Zot:4    | Your ally Brandogh died
 70509 | Zot:4    | Reached XP level 27. HP: 161/238 MP: 43/43
 70802 | Zot:5    | Entered Level 5 of the Realm of Zot
 70894 | Zot:4    | Gained Thorok as an ally
 71460 | Zot:5    | Noticed an ancient lich
 71467 | Zot:5    | Killed an ancient lich
 71484 | Zot:5    | Noticed an ancient lich
 71490 | Zot:5    | Killed an ancient lich
 71505 | Zot:5    | Your ally Murdo died
 71564 | Zot:5    | Noticed an ancient lich
 71572 | Zot:5    | Urug (ally) was killed
 71572 | Zot:5    | Your ally died
 71575 | Zot:5    | Your ally Garbold died
 71576 | Zot:5    | Your ally Ogrik died
 71576 | Zot:5    | Your ally Zartorak died
 71577 | Zot:5    | Your ally Harm died
 71578 | Zot:5    | Your ally Ugrim died
 71580 | Zot:5    | Your ally Thorok died
 71580 | Zot:5    | Your ally Judas died
 71582 | Zot:5    | Your ally Bogbarth died
 71740 | Zot:5    | Noticed an orb of fire
 71856 | Zot:5    | Killed an orb of fire
 72033 | Zot:5    | Noticed an orb of fire
 72042 | Zot:5    | Your ally Bogbrand died
 72044 | Zot:5    | Gained mutation: You are frail (-10% HP). [an orb of fire]
 72044 | Zot:5    | Your ally Bolgrim died
 72046 | Zot:5    | Your ally Brunolf died
 72048 | Zot:5    | Killed an orb of fire
 72068 | Zot:5    | Gained Bolgrim as an ally
 72082 | Zot:5    | Gained Borgoth as an ally
 72334 | Zot:5    | Gained Oreg as an ally
 72334 | Zot:5    | Gained Olfrun as an ally
 72403 | Zot:5    | Killed an ancient lich
 72403 | Zot:5    | Gained Arkwar as an ally
 72407 | Zot:5    | Noticed an orb of fire
 72418 | Zot:5    | Gained mutation: Your body is slowly deteriorating. [an orb of fire]
 72423 | Zot:5    | Killed an orb of fire
 72423 | Zot:5    | Your ally Olfrun died
 72600 | Zot:5    | Gained Gorbash as an ally
 72601 | Zot:5    | Noticed an orb of fire
 72602 | Zot:5    | Your ally Bogrim died
 72603 | Zot:5    | Noticed an orb of fire
 72603 | Zot:5    | Your ally Borgoth died
 72605 | Zot:5    | Your ally Bolgrim died
 72607 | Zot:5    | Gained Zartorak as an ally
 72677 | Zot:5    | Your ally Oreg died
 72912 | Zot:5    | Noticed an orb of fire
 72919 | Zot:5    | Gained mutation: You tend to lose your temper in combat. [an orb of fire]
 72922 | Zot:5    | Killed an orb of fire
 72928 | Zot:5    | Gained mutation: You occasionally shout uncontrollably at your foes. [an orb of fire]
 72928 | Zot:5    | Your ally Zartorak died
 72933 | Zot:5    | Gained mutation: You are very frail (-20% HP). [an orb of fire]
 72939 | Zot:5    | Gained mutation: Your spells are a little harder to cast, but a little more powerful. [an orb of fire]
 72939 | Zot:5    | Your ally Gorbash died
 72943 | Zot:5    | Killed an orb of fire
 72993 | Zot:5    | Noticed an orb of fire
 72994 | Zot:5    | Noticed an orb of fire
 72997 | Zot:5    | Your ally Ognian died
 73165 | Zot:1    | Lost mutation: You are very frail (-20% HP). [potion of cure mutation]
 73165 | Zot:1    | Lost mutation: Your body is slowly deteriorating. [potion of cure mutation]
 73165 | Zot:1    | Lost mutation: You tend to lose your temper in combat. [potion of cure mutation]
 73165 | Zot:1    | Lost mutation: You are frail (-10% HP). [potion of cure mutation]
 73398 | Zot:5    | Gained mutation: Your flesh is heat resistant. [an orb of fire]
 73404 | Zot:5    | Gained mutation: You expend magic power (3 MP) to slightly strengthen your wands. [an orb of fire]
 73410 | Zot:5    | Killed an orb of fire
 73463 | Zot:5    | Killed an orb of fire
 73472 | Zot:5    | Gained mutation: You are dopey. (Int -2) [an orb of fire]
 73477 | Zot:5    | Gained mutation: You are very dopey. (Int -4) [an orb of fire]
 73480 | Zot:5    | Gained mutation: You expend magic power (6 MP) to strengthen your wands. [an orb of fire]
 73483 | Zot:5    | Lost mutation: You occasionally shout uncontrollably at your foes. [an orb of fire]
 73489 | Zot:5    | Killed an orb of fire
 73489 | Zot:5    | Reached skill level 27 in Axes
 73687 | Zot:5    | Got the Orb of Zot
 74367 | D:$      | Escaped with the Orb!

Action                   |  1- 3 |  4- 6 |  7- 9 | 10-12 | 13-15 | 16-18 | 19-21 | 22-24 | 25-27 || total
-------------------------+-------+-------+-------+-------+-------+-------+-------+-------+-------++-------
Melee: Unarmed           |     9 |       |       |       |       |       |       |       |       ||     9
       Spear             |    70 |       |       |       |       |       |       |       |       ||    70
       Hand axe          |    45 |   180 |    42 |       |       |       |       |       |       ||   267
       War axe           |       |       |   222 |    37 |       |       |       |       |       ||   259
       Broad axe         |       |       |       |   349 |   102 |       |       |       |       ||   451
       Battleaxe         |       |       |       |       |   645 |   792 |       |       |       ||  1437
       Executioner's axe |       |       |       |       |       |    51 |   710 |   799 |   995 ||  2555
 Fire: Hunting sling     |       |    29 |    98 |    35 |       |       |       |       |       ||   162
       Blowgun           |       |       |    22 |       |       |       |       |     9 |     4 ||    35
       Arbalest          |       |       |       |     2 |     2 |       |       |       |       ||     4
       Longbow           |       |       |       |       |    50 |   223 |   178 |   412 |   317 ||  1180
Throw: Stone             |       |       |       |     6 |     2 |       |       |       |       ||     8
Invok: Convert to Beogh  |       |       |     1 |       |       |       |       |       |       ||     1
       Smiting           |       |       |     1 |    11 |     4 |     2 |       |    10 |       ||    28
       Recall Orcish Fol |       |       |       |     2 |     1 |     1 |     3 |     5 |     5 ||    17
       Stop Recall       |       |       |       |       |       |     1 |     3 |     2 |     1 ||     7
Evoke: Wand              |       |       |     2 |     4 |     2 |    16 |       |     3 |     3 ||    30
       Rod               |       |       |       |       |       |     4 |       |    19 |    12 ||    35
  Use: Scroll            |       |       |     8 |    11 |    16 |    15 |     4 |    23 |    19 ||    96
       Potion            |       |       |     1 |       |     5 |    14 |     4 |     4 |     3 ||    31
 Stab: Sleeping          |     2 |       |       |       |       |     1 |       |       |       ||     3
       Distracted        |       |       |       |     2 |     9 |     5 |    10 |     6 |    14 ||    46
       Paralysed         |       |       |       |       |       |       |       |     2 |     1 ||     3
       Confused          |       |       |       |       |       |       |       |     1 |       ||     1
  Eat: Chunk             |     1 |     7 |    12 |    16 |    36 |    40 |    15 |    41 |    23 ||   191
       Royal jelly       |       |       |       |     1 |       |       |       |       |       ||     1
       Beef jerky        |       |       |       |       |     1 |     1 |     1 |       |     3 ||     6
       Bread ration      |       |       |       |       |     1 |     1 |     2 |     1 |     3 ||     8
       Pizza             |       |       |       |       |       |     1 |     1 |     1 |     3 ||     6
       Fruit             |       |       |       |       |       |       |     1 |       |       ||     1
       Meat ration       |       |       |       |       |       |       |       |     1 |       ||     1
